 Dungeon Crawl Stone Soup version 0.24.0 (webtiles) character file.

Game seed: 13740783738563151153, levelgen mode: deterministic

269 Troglodyte the Covered (level 6, -1/53 HPs)
             Began as a Hill Orc Fighter on Nov 10, 2020.
             Succumbed to a scorpion's poison
             ... on level 4 of the Dungeon.
             The game lasted 00:20:31 (2302 turns).

Troglodyte the Covered (Hill Orc Fighter)           Turns: 2302, Time: 00:20:32

Health: -1/53      AC: 14    Str: 19 (20) XL:     6   Next: 22%
Magic:  6/6        EV:  8    Int:  8      God:
Gold:   152        SH:  9    Dex: 10 (11) Spells: 5/5 levels left

rFire    . . .     SeeInvis .   m - +2 flail (protect)
rCold    . . .     Gourm    .   c - +0 shield
rNeg     . . .     Faith    .   b - +0 scale mail
rPois    .         Spirit   .   (no helmet)
rElec    .         Reflect  .   (no cloak)
rCorr    .         Harm     .   (no gloves)
MR       .....                  (no boots)
Stlth    ..........             (no amulet)
HPRegen  0.17/turn              (no ring)
MPRegen  0.10/turn              (no ring)

@: lethally poisoned (-1 -> -13), protection aura
A: no striking features
a: no special abilities


You were on level 4 of the Dungeon.
You were not hungry.

You visited 1 branch of the dungeon, and saw 4 of its levels.

You collected 152 gold pieces.

Inventory:

Hand Weapons
 a - a +0 long sword
 m - a +2 flail of protection (weapon)
Missiles
 f - 5 silver boomerangs
 n - 29 poisoned darts (quivered)
 o - a throwing net
Armour
 b - a +0 scale mail (worn)
 c - a +0 shield (worn)
 j - a cursed +0 leather armour
 l - a +0 ring mail
Jewellery
 h - an uncursed ring of fire
Scrolls
 e - 3 scrolls of magic mapping
 g - 8 scrolls of identify
 k - a scroll of remove curse {unknown}
 p - a scroll of random uselessness {unknown}
Potions
 d - a potion of lignification {unknown}
 i - a potion of ambrosia {unknown}
 q - a potion of might


   Skills:
 + Level 4.5 Fighting
 + Level 4.2 Long Blades
 + Level 0.3 Maces & Flails
 + Level 0.3 Throwing
 + Level 4.6 Armour
 + Level 1.1 Dodging
 + Level 4.3 Shields


You had 5 spell levels left.
You didn't know any spells.
Your spell library was empty.

Dungeon Overview and Level Annotations

Branches:
Dungeon (4/15)
 Temple: D:4-7

Altars:
Cheibriados
Dithmenos
Gozag
Nemelex Xobeh
Trog
Uskayaw
Wu Jian
Xom
Zin

Annotations:
D:4 Blork the orc


Message History

You feel your dexterity returning.
Your Long Blades skill increases to level 4!
You have reached level 6!
Your experience leads to an increase in your attributes!
Your base attributes are Str 20, Int 8, Dex 10.
Increase (S)trength, (I)ntelligence, or (D)exterity?
Uppercase letters only, please.
You feel agile.
* * * LOW HITPOINT WARNING * * *
You feel sick.
You hear some strange, mumbled words.
A puff of flame appears from out of thin air!
The puff of flame misses you.
You closely miss something.
* * * LOW HITPOINT WARNING * * *
You feel sick. Something hits you.
* * * LOW HITPOINT WARNING * * *
x2 Something hits you but does no damage. x2
You sock something!
You die...

.......#### ...#......
.......## ##.>.....##
#..o......# #........#.
#... ####......>..
#...###.@{...).....
#####.......#####.#.###
.........##.# ..
.........##.# ...
........##.# #.#
##...>....# #
#.......#.......
#.....#.######..
######.....#.#


There were no monsters in sight!

Vanquished Creatures
  An ogre (D:4)
  A scorpion (D:4)
  4 adders
  3 worms (D:3)
  4 dart slugs
  3 leopard geckos
  11 orcs
  2 giant cockroaches
  8 goblins
  11 hobgoblins
  2 quokkas (D:2)
  A ball python (D:1)
  6 bats
  2 frilled lizards
  8 kobolds
  8 rats
75 creatures vanquished.

Notes
Turn   | Place    | Note
-------+----------+-------------------------------------------
     0 | D:1      | Troglodyte the Hill Orc Fighter began the quest for the
                  | Orb.
     0 | D:1      | Reached XP level 1. HP: 19/19 MP: 1/1
     6 | D:1      | Noticed a salamander
     6 | D:1      | Noticed a polar bear
     6 | D:1      | Noticed a worker ant
     7 | D:1      | Noticed a rime drake
     7 | D:1      | Noticed a komodo dragon
   201 | D:1      | Reached XP level 2. HP: 19/27 MP: 2/2
   676 | D:2      | Found an ornate altar of the Wu Jian Council.
   708 | D:2      | Reached XP level 3. HP: 27/33 MP: 3/3
   882 | D:2      | Reached XP level 4. HP: 25/40 MP: 4/4
  1048 | D:2      | Found a shimmering altar of Xom.
  1128 | D:2      | Reached skill level 1 in Dodging
  1324 | D:3      | Found a glowing silver altar of Zin.
  1485 | D:3      | Reached XP level 5. HP: 16/47 MP: 5/5
  2199 | D:4      | Noticed an ogre
  2205 | D:4      | Found an opulent altar of Gozag.
  2205 | D:4      | Found a sparkling altar of Nemelex Xobeh.
  2209 | D:4      | Found a bloodstained altar of Trog.
  2211 | D:4      | Found a hide-covered altar of Uskayaw.
  2212 | D:4      | Found a shadowy altar of Dithmenos.
  2213 | D:4      | Found a snail-covered altar of Cheibriados.
  2218 | D:4      | Killed an ogre
  2286 | D:4      | Noticed Blork the orc
  2300 | D:4      | Reached XP level 6. HP: 7/53 MP: 6/6
  2301 | D:4      | HP: 2/53 [something (2)]
  2302 | D:4      | Succumbed to a scorpion's poison

Levels and vault maps discovered:
D:1:      onia_arrival_zoo_common, layout_basic, hangedman_decor_push
D:2:      layout_rooms, overflow_temple_1_default, overflow_temple_1_default,
          kennysheep_generic_room_11
D:3:      minmay_chambers_of_twos, layout_loops_ring, zin_statuary
D:4:      layout_loops_cross, kennysheep_mini_moat, minitemple, tgw_sif,
          serial_glass, glass_columns_a, glass_columns_a, glass_columns_a,
          glass_columns_c, glass_columns_b, glass_columns_c, first_ration,
          portal_sewer_entry_b, uniq_blork_the_orc
